 Dungeon Crawl Stone Soup version 0.24.1-4-ge52af88ad5 (webtiles) character file.

Game seed: 4141340405333301415, levelgen mode: deterministic

6458 TimRush the Spear-Bearer (level 10, -7/91 HPs)
             Began as a Minotaur Berserker on Apr 12, 2020.
             Was an Elder of Trog.
             Mangled by a death yak (13 damage)
             ... on level 1 of the Lair of Beasts.
             The game lasted 00:36:31 (7483 turns).

TimRush the Spear-Bearer (Minotaur Berserker)       Turns: 7483, Time: 00:36:35

Health: -7/91      AC: 25    Str: 27    XL:     10   Next: 67%
Magic:  9/9        EV:  9    Int:  4    God:    Trog [****..]
Gold:   473        SH:  0    Dex: 10    Spells: 9/9 levels left

rFire    . . .     SeeInvis .   p - +5 trident
rCold    . . .     Gourm    .   (no shield)
rNeg     + . .     Faith    .   d - +10 plate armour of Objectivity {rN+}
rPois    .         Spirit   .   (helmet restricted)
rElec    .         Reflect  .   (no cloak)
rCorr    .         Harm     .   C - +0 pair of gloves
MR       .....                  (no boots)
Stlth    ..........             (no amulet)
HPRegen  0.25/turn              h - +2 ring of strength
MPRegen  0.11/turn              q - ring of flight

@: berserk cooldown, flying (expiring), slowed, very slow
A: retaliatory headbutt, horns 2, talons 1, mutation resistance 1
a: Berserk, Trog's Hand, Brothers in Arms, Renounce Religion, Stop Flying


You were on level 1 of the Lair of Beasts.
You worshipped Trog.
Trog was greatly pleased with you.
You were very hungry.

You visited 2 branches of the dungeon, and saw 10 of its levels.

You collected 473 gold pieces.

Inventory:

Hand Weapons
 n - a +0 flail of protection
 o - a +0 long sword of slicing
 p - a +5 trident (weapon)
 u - a +0 falchion of distortion
Missiles
 B - 17 arrows
Armour
 d - the +10 plate armour of Objectivity (worn) {rN+}
   (You found it on level 4 of the Dungeon)

   It protects you from negative energy.
 C - a +0 pair of gloves (worn)
Jewellery
 h - a +2 ring of strength (left hand)
 q - a ring of flight (right hand)
 x - an uncursed ring of stealth
Scrolls
 e - 2 scrolls of identify
 j - a scroll of random uselessness {unknown}
 m - 2 scrolls of teleportation
 t - a scroll of remove curse
 v - a scroll of torment {unknown}
 y - a scroll of amnesia
 z - a scroll of magic mapping
Potions
 a - a potion of invisibility {unknown}
 b - 3 potions of lignification {unknown}
 f - a potion of curing {unknown}
 g - 2 potions of might {unknown}
 i - 2 potions of magic
 k - 3 potions of brilliance {unknown}
 l - 2 potions of heal wounds {unknown}
 s - a potion of degeneration {unknown}
 w - a potion of haste
Comestibles
 c - 4 rations


   Skills:
 + Level 9.2 Fighting
   Level 8.2(11.0) Axes
 + Level 6.4(8.3) Maces & Flails
 + Level 9.9(11.1) Polearms
 + Level 9.8 Armour
 + Level 4.3 Dodging
 + Level 1.1 Stealth
 + Level 0.3 Evocations


You had 9 spell levels left.
You didn't know any spells.
Your spell library was empty.

Dungeon Overview and Level Annotations

Branches:
Dungeon (9/15)             Temple (0/1) D:4            Lair (1/6) D:9
    Orc: D:9-12

Altars:
Ashenzari
Cheibriados
Dithmenos
Elyvilon
Hepliaklqana
Qazlal
Xom

Annotations:
D:8 2 transporters


Innate Abilities, Weirdness & Mutations

You reflexively headbutt those who attack you in melee.
You have a pair of horns on your head.
You have sharp toenails.
You are somewhat resistant to further mutation.


Message History

You feel yourself slow down.
As you read the scroll of fear, it crumbles to dust.
You assume a fearsome visage.
The death yak looks frightened! x2
The death yak resists with some effort.
The death yak looks frightened!
The death yak gores you but does no damage.
The death yak barely misses you.
You hit the death yak. Your kick misses the death yak.
The death yak is severely wounded.
The death yak seems to regain its courage. x2
You hit the death yak but do no damage.
You claw the death yak, but do no damage.
The death yak is moderately wounded.
You puncture the death yak! You claw the death yak.
You headbutt the death yak, but do no damage.
The death yak is severely wounded.
You are starting to lose your buoyancy.
The death yak gores you!
* * * LOW HITPOINT WARNING * * *
The death yak gores you!
You die...

............#
...........
≈≈......Y#
≈.......<#
..####...##
##...# #..##
###YY.#
#..@..##
#.....#....#
..Y#......##
.. ####.....
###.....
...#..# ##.#
.. .. . #.#


You could see 4 death yaks.

Vanquished Creatures
  A two-headed ogre (D:9)
  The ghost of Destapler the Stinger, a novice GnWn (D:7)
  A gargoyle (D:9)
  2 hippogriffs
  A yak (D:9)
  2 hungry ghosts
  Eustachio (D:5)
  A water moccasin (D:9)
  3 orc warriors
  5 ice beasts
  4 sky beasts
  A phantom (D:8)
  6 centaurs
  4 ogres
  A big kobold (D:9)
  6 bullfrogs
  A wyvern skeleton (D:9)
  2 scorpions
  6 killer bees (D:8)
  4 howler monkeys
  3 crimson imps
  7 hounds
  A jelly (D:5)
  7 orc wizards
  2 orc priests
  A bullfrog skeleton (D:9)
  An iguana (D:9)
  A centaur skeleton (D:6)
  8 worker ants
  A hound zombie (D:9)
  A howler monkey zombie (D:6)
  4 gnolls (D:4)
  A howler monkey skeleton (D:4)
  10 adders
  A shadow imp (D:5)
  An adder skeleton (D:4)
  An adder zombie (D:7)
  4 worms
  A dart slug (D:1)
  A leopard gecko (D:6)
  22 orcs
  4 giant cockroaches
  4 goblins
  7 jackals
  10 kobolds
  4 quokkas
  2 bats (D:2)
  2 frilled lizards
  A leopard gecko skeleton (D:4)
  A leopard gecko zombie (D:6)
  3 rats
170 creatures vanquished.

Vanquished Creatures (collateral kills)
  A jackal (D:9)
1 creature vanquished.

Vanquished Creatures (others)
  2 jackals (D:2)
  A kobold (D:2)
  A rat (D:2)
4 creatures vanquished.

Grand Total: 175 creatures vanquished

Notes
Turn   | Place    | Note
-------+----------+-------------------------------------------
     0 | D:1      | TimRush the Minotaur Berserker began the quest for the Orb.
     0 | D:1      | Reached XP level 1. HP: 19/19 MP: 0/0
   449 | D:2      | Reached XP level 2. HP: 27/27 MP: 1/1
  1289 | D:3      | Reached XP level 3. HP: 32/33 MP: 2/2
  1328 | D:3      | Reached skill level 5 in Axes
  1328 | D:3      | Reached XP level 4. HP: 18/41 MP: 3/3
  1618 | D:3      | Found a shimmering altar of Xom.
  2091 | D:3      | Reached XP level 5. HP: 29/47 MP: 4/4
  2189 | D:4      | Gained mutation: Your spells are a little harder to cast,
                  | but a little more powerful. [potion of mutation]
  2189 | D:4      | Gained mutation: You are resistant to electric shocks.
                  | (rElec) [potion of mutation]
  2189 | D:4      | Gained mutation: You are partially covered in molten
                  | scales. (AC +2) [potion of mutation]
  2200 | D:4      | Found a staircase to the Ecumenical Temple.
  2225 | D:4      | Lost mutation: Your spells are a little harder to cast, but
                  | a little more powerful. [potion of mutation]
  2225 | D:4      | Lost mutation: You are partially covered in molten scales.
                  | (AC +2) [potion of mutation]
  2225 | D:4      | Lost mutation: You are resistant to electric shocks.
                  | (rElec) [potion of mutation]
  2225 | D:4      | Gained mutation: You are somewhat resistant to further
                  | mutation. [potion of mutation]
  2225 | D:4      | Gained mutation: You have sharp toenails. [potion of
                  | mutation]
  2254 | D:4      | Reached ** piety under Trog
  2254 | D:4      | Reached skill level 5 in Fighting
  2266 | D:4      | Got an encrusted plate armour
  2277 | D:4      | Identified the +10 plate armour of Objectivity {rN+} (You
                  | found it on level 4 of the Dungeon)
  2579 | D:5      | Entered Level 5 of the Dungeon
  2582 | D:5      | Reached XP level 6. HP: 56/56 MP: 5/5
  2730 | D:5      | Found a shattered altar of Ashenzari.
  3186 | D:5      | Reached skill level 1 in Stealth
  3244 | D:5      | Found a hazy altar of Hepliaklqana.
  3245 | D:5      | Noticed Eustachio
  3563 | D:6      | Found a stormy altar of Qazlal.
  3593 | D:6      | Noticed an ice beast
  3607 | D:6      | Killed an ice beast
  3607 | D:6      | Reached XP level 7. HP: 41/62 MP: 6/6
  4249 | D:5      | Killed Eustachio
  4249 | D:5      | Reached skill level 1 in Maces & Flails
  4249 | D:5      | Reached skill level 5 in Armour
  4249 | D:5      | Reached XP level 8. HP: 73/73 MP: 7/7
  4387 | D:7      | Found a white marble altar of Elyvilon.
  4458 | D:7      | Found a runed translucent door.
  4512 | D:7      | Reached *** piety under Trog
  4673 | D:7      | Noticed Destapler's ghost (novice GnWn)
  4681 | D:7      | Killed Destapler's ghost
  4681 | D:7      | Reached skill level 5 in Maces & Flails
  4681 | D:7      | Reached XP level 9. HP: 81/81 MP: 8/8
  4968 | D:7      | Reached skill level 1 in Polearms
  5125 | D:8      | Found a transporter.
  5390 | D:8      | Found a transporter.
  5597 | D:8      | Found a snail-covered altar of Cheibriados.
  6061 | D:8      | Reached skill level 5 in Polearms
  6130 | D:8      | Found a shadowy altar of Dithmenos.
  6365 | D:9      | Found a staircase to the Lair.
  6373 | D:9      | Reached XP level 10. HP: 90/90 MP: 9/9
  6378 | D:9      | Reached **** piety under Trog
  6642 | D:9      | Noticed a two-headed ogre
  6649 | D:9      | Killed a two-headed ogre
  6723 | D:9      | Noticed a gargoyle
  6740 | D:9      | Killed a gargoyle
  7458 | Lair:1   | Entered Level 1 of the Lair of Beasts
  7458 | Lair:1   | Noticed a death yak
  7458 | Lair:1   | Noticed a death yak
  7458 | Lair:1   | Noticed a death yak
  7458 | Lair:1   | Noticed a death yak
  7483 | Lair:1   | Mangled by a death yak

Levels and vault maps discovered:
D:1:      elethiomel_arrival_quiet, layout_basic
D:2:      layout_loops_cross, lemuel_old_faithful
D:3:      layout_loops_cross, xom_teletrap_fun, overflow_temple_1_default,
          serial_rivers, chequers_serial_rivers_small_3,
          chequers_serial_rivers_micro_a, chequers_serial_rivers_room_a,
          chequers_serial_rivers_room_b, chequers_serial_rivers_small_b,
          chequers_serial_rivers_large_b
D:4:      layout_cave_pods, minmay_temple_entry_wispy, first_ration,
          lightli_minifort
D:5:      layout_basic, evilmike_ruin_ashenzari, nicolae_overflow_hidden_temple,
          chequers_decorated_corner, nrook_mini_backslash, uniq_eustachio
D:6:      layout_cave_pools, grunt_qazlal_sundering, kennysheep_flooded_box,
          small_statue_intersection
D:7:      layout_layer_cave, elyvilon_altar_1, ebering_ghost_reflecting_pool,
          hex_medium
D:8:      gammafunk_steamed_eel, layout_gridville, grunt_dithmenos_shadows,
          lemuel_doored_altar, the_bakery
D:9:      cheibrodos_ideogram_h, layout_basic, lair_entry_dummy
Lair:1:   layout_layer_cave, serial_bayou_ford_a, grunt_megastairs_2

Skill      XL: |  1  2  3  4  5  6  7  8  9 10 |
---------------+-------------------------------+-----
Axes           | 4 5 6 7 8 |  8.2
Fighting       | 4 5 7 8 9 |  9.2
Dodging        | 3 4 |  4.3
Armour         | 3 5 6 8 9 |  9.8
Stealth        | 1 |  1.1
Maces & Flails | 1 5 6 |  6.4
Polearms       | 6 9 |  9.9
Evocations     | |  0.3

Action                   |  1- 3 |  4- 6 |  7- 9 | 10-12 || total
-------------------------+-------+-------+-------+-------++-------
Melee: Hand axe          |    53 |   103 |    20 |       ||   176
       Headbutt          |     6 |    18 |    43 |    25 ||    92
       Kick              |       |    18 |    80 |    46 ||   144
       Flail             |       |       |    89 |       ||    89
       Trident           |       |       |   127 |   120 ||   247
Invok: Trog's Hand       |       |     1 |     1 |     1 ||     3
       Berserk           |       |       |     2 |     2 ||     4
       Brothers in Arms  |       |       |       |     1 ||     1
 Abil: Evoke Flight      |       |       |     1 |     3 ||     4
  Use: Scroll            |       |     7 |     8 |     1 ||    16
       Potion            |       |     2 |     1 |       ||     3
 Stab: Sleeping          |     1 |       |       |       ||     1
  Eat: Ration            |       |     2 |     6 |       ||     8
       Chunk             |       |       |     1 |     4 ||     5
Armor: Animal skin       |    10 |     2 |       |       ||    12
       Plate armour      |       |    48 |   237 |    81 ||   366
       Ring mail         |       |     7 |       |       ||     7
Dodge: Dodged            |    41 |    50 |   140 |    70 ||   301
